 Dungeon Crawl Stone Soup version 0.29-a0-559-g359e09b9d1 (webtiles) character file.

Game seed: 8893900722429348564

301 magipi the Poker (level 6, -3/37 HPs)
             Began as a Gargoyle Berserker on June 9, 2022.
             Was a Believer of Trog.
             Slain by Pikel
             ... wielding a +1 whip of freezing
              (8 damage)
             ... on level 4 of the Dungeon.
             The game lasted 00:07:43 (3109 turns).

magipi the Poker (Gargoyle Berserker)               Turns: 3109, Time: 00:07:43

Health: -3/37      AC: 14    Str: 21    XL:     6   Next: 37%
Magic:  6/6        EV:  9    Int:  7    God:    Trog [**....]
Gold:   215        SH:  6    Dex: 11    Spells: 5/5 levels left

rFire   . . .      SeeInvis .   a - +0 spear
rCold   + . .      Faith    .   e - +0 kite shield
rNeg    + . .      Spirit   .   j - +4 ring mail {rC+}
rPois   ∞          Reflect  .   r - +0 helmet
rElec   +          Harm     .   (no cloak)
rCorr   .          Rampage  .   (no gloves)
Will    .....                   (no boots)
Stlth   +.........              (no amulet)
HPRegen 0.12/turn               (no ring)
MPRegen 0.10/turn               (no ring)

@: on berserk cooldown, slowed, very slow
A: sickness immunity, AC +4, negative energy resistance 1, electricity
resistance, torment resistance 1, petrification resistance
a: Renounce Religion, Berserk, Trog's Hand


You were on level 4 of the Dungeon.
You worshipped Trog.
Trog was pleased with you.
You visited 1 branch of the dungeon, and saw 4 of its levels.

You collected 215 gold pieces.

Inventory:

Hand Weapons
 a - a +0 spear (weapon)
 b - a +1 vampiric scythe
   (You took it off Sigmund on level 3 of the Dungeon)
Missiles
 f - 8 poisoned darts (quivered)
 p - 5 datura-tipped darts
Armour
 e - a +0 kite shield (worn)
   (You found it on level 1 of the Dungeon)
 j - a +4 ring mail of cold resistance (worn)
   (You took it off Terence on level 2 of the Dungeon)
 r - a +0 helmet (worn)
   (You took it off Robin on level 3 of the Dungeon)
Scrolls
 c - a scroll of magic mapping {unknown}
 d - 2 scrolls of identify {unknown}
 h - a scroll of blinking {unknown}
 l - a scroll of immolation {unknown}
 m - a scroll of fear {unknown}
 n - a scroll of poison {unknown}
 q - 7 scrolls of teleportation {unknown}
Potions
 g - 2 potions of curing {unknown}
 i - a potion of might {unknown}
 k - a potion of attraction {unknown}
 o - a potion of cancellation {unknown}


   Skills:
 - Level 3.2 Fighting
 + Level 5.0 Polearms
 + Level 3.5 Throwing
 - Level 2.1 Armour
 - Level 1.5 Dodging


You had 5 spell levels left.
You didn't know any spells.
Your spell library contained the following spells:

 Spells                   Type           Power      Damage    Failure   Level
 Beastly Appendage        Tmut           0%         N/A       95%         1
 Wereblood                Tmut           0%         N/A       99%         2
 Spider Form              Tmut/Pois      0%         N/A       100%        3


Dungeon Overview and Level Annotations

Branches:
Dungeon (4/15)
 Temple: D:4-7

Altars:
Xom

Shops:
D:1 :

Annotations:
D:4 Pikel


Innate Abilities, Weirdness & Mutations

You are immune to sickness and miasma.
Your stone body is resilient. (AC +4)
You are immune to poison.
You resist negative energy. (rN+)
You are resistant to electric shocks. (rElec)
You are resistant to unholy torment.
You are immune to petrification.


Message History

Unknown command.
Found 2 scrolls labelled YDIN KANOZIPEC.
q - 7 scrolls labelled YDIN KANOZIPEC (gained 2)
An endoplasm comes into view.
The endoplasm quivers.
The endoplasm freezes you.
You are frozen.
You resist.
You hit the endoplasm.
The endoplasm is moderately wounded.
The endoplasm freezes you.
You are frozen.
You resist.
You hit the endoplasm.
The endoplasm is almost dead.
The endoplasm hits you but does no damage.
You hit the endoplasm.
You kill the endoplasm!
Trog accepts your kill.
HP restored.
A lemure comes into view.
The lemure shouts!
Pikel, Merchant of Souls comes into view.
He is wielding a +1 whip of freezing and carrying a wand of iceblast (7).
Pikel says, "You'll make a fine lemure."
A lemure comes into view.
Unknown command.
A lemure comes into view.
You reach to attack!
You hit the lemure.
The lemure is lightly wounded.
You hit the lemure.
The lemure is lightly wounded.
The lemure hits you but does no damage.
You barely miss the lemure.
The lemure is lightly wounded.
The lemure closely misses you.
A red film seems to cover your vision as you go berserk!
You feel yourself moving faster!
You feel mighty!
A lemure comes into view.
The lemure hits you.
Unknown command.
The lemure shouts!
You puncture the lemure!
The lemure is severely wounded.
The lemure hits you.
Pikel says, "I touched Geryon's horn once."
You closely miss the lemure.
The lemure is severely wounded.
You puncture the lemure!
You kill the lemure!
That felt strangely unrewarding.
Pikel zaps a wand.
The mass of ice explodes!
The iceblast engulfs you! You partially resist.
The lemure shouts!
You block Pikel's attack.
You puncture Pikel!
Pikel is moderately wounded.
You closely miss Pikel.
Pikel is moderately wounded.
Pikel hits you but does no damage.
You barely miss Pikel.
Pikel is moderately wounded.
You block Pikel's attack.
You closely miss Pikel.
Pikel is moderately wounded.
You hit Pikel.
Pikel is moderately wounded.
Pikel barely misses you.
You puncture Pikel!
Pikel is severely wounded.
Pikel hits you but does no damage.
You hit Pikel but do no damage.
Pikel is severely wounded.
You completely miss Pikel.
Pikel is severely wounded.
You are no longer berserk.
You are exhausted.
You feel yourself slow down. Pikel hits you but does no damage.
You hit Pikel.
Pikel is severely wounded.
Pikel hits you with a +1 whip of freezing!
Pikel freezes you. Pikel hits you but does no damage.
You hit Pikel.
Pikel is severely wounded.
Pikel hits you with a +1 whip of freezing!
* * * LOW HITPOINT WARNING * * *
Pikel freezes you.
* * * LOW HITPOINT WARNING * * *
You hit Pikel but do no damage.
Pikel is severely wounded.
You block Pikel's attack. Pikel hits you but does no damage.
You closely miss Pikel.
Pikel is severely wounded.
You block Pikel's attack.
You hit Pikel.
Pikel is severely wounded.
Pikel hits you with a +1 whip of freezing.
* * * LOW HITPOINT WARNING * * *
Pikel hits you but does no damage.
Unknown command.
You hit Pikel.
Pikel is almost dead.
Pikel hits you with a +1 whip of freezing!
You die...

####.#.##.# ..5 #......#
....5 #..############
#.... #.............#
#.#.# #.###########.#
#.#K# #.# #.# #.#.# # #.#
#.####.#.#.#
#.###########.#....#.#.#
#........@K555.........#
#############.#.##.#.####.
#.#...........
#.####.#.#####
#.............
#.####.#^##### ### #.#.#
#...# #####


You could see Pikel and 3 lemures.

Vanquished Creatures
  Sigmund (D:3)
  A lemure (D:4)
  Terence (D:2)
  Robin (D:3)
  3 adders (D:3)
  2 worms (D:2)
  2 dart slugs (D:2)
  A ball python (D:1)
  2 bats
  7 endoplasms
  4 giant cockroaches
  11 goblins
  7 hobgoblins
  4 jackals (D:1)
  11 kobolds
  A quokka (D:1)
  3 frilled lizards (D:1)
  5 rats
67 creatures vanquished.

Vanquished Creatures (others)
  A plant (D:1)
1 creature vanquished.

Grand Total: 68 creatures vanquished

Notes
Turn   | Place    | Note
-------+----------+-------------------------------------------
     0 | D:1      | magipi the Gargoyle Berserker began the quest for the Orb.
     0 | D:1      | Reached XP level 1. HP: 14/14 MP: 1/1
    34 | D:1      | Found Momm's Book Boutique.
   124 | D:1      | Reached skill level 3 in Polearms
   205 | D:1      | Reached XP level 2. HP: 19/19 MP: 2/2
   832 | D:1      | Reached XP level 3. HP: 23/23 MP: 3/3
  1020 | D:1      | Reached skill level 1 in Throwing
  1112 | D:2      | Noticed Terence
  1162 | D:2      | Killed Terence
  1290 | D:2      | Reached XP level 4. HP: 26/28 MP: 4/4
  1616 | D:2      | Found a faded altar of an unknown god.
  1904 | D:2      | Reached skill level 4 in Polearms
  2075 | D:3      | Found a shimmering altar of Xom.
  2242 | D:3      | Noticed Sigmund
  2459 | D:3      | Reached XP level 5. HP: 25/32 MP: 5/5
  2595 | D:3      | Killed Sigmund
  2596 | D:3      | Reached XP level 6. HP: 37/37 MP: 6/6
  2689 | D:3      | Noticed Robin
  2693 | D:3      | Reached ** piety under Trog
  2704 | D:3      | Reached skill level 5 in Polearms
  2716 | D:3      | Killed Robin
  3074 | D:4      | Noticed Pikel
  3109 | D:4      | Slain by Pikel

Illustrated notes

Levels and vault maps discovered:
D:1:      denvon_arrival_planthouse, layout_loops_cross, serial_shops, shop
D:2:      layout_basic, hellmonk_ecumenical_altar_heavens_door, serial_glass,
          glass_columns_b, glass_columns_b, uniq_terence
D:3:      layout_loops_ring, mainiacjoe_overflow_boulevard, patterned_corridor,
          uniq_robin, uniq_sigmund
D:4:      kennysheep_kobold_camp, layout_basic, lemuel_crystal_altar, uniq_pikel

Skill      XL: |  1  2  3  4  5  6 |
---------------+-------------------+-----
Polearms       | 3 4 5 |  5.0
Throwing       | 1 2 3 |  3.5
Fighting       | |  3.2
Armour         | |  2.1
Dodging        | |  1.5

Action                   |  1- 3 |  4- 6 || total
-------------------------+-------+-------++-------
Melee: Spear             |    88 |   175 ||   263
Invok: Berserk           |     4 |     4 ||     8
 Stab: Sleeping          |     1 |       ||     1
Armor: Animal skin       |    12 |       ||    12
       Ring mail         |     6 |    57 ||    63
Dodge: Dodged            |    31 |    54 ||    85
Block: Kite shield       |     7 |    38 ||    45

Table legend: (Time is in decaauts)
 A = Elapsed time spent in this place.
 B = Non-inter-level travel time spent in this place.
 C = Inter-level travel time spent in this place.
 D = Time resting spent in this place.
 E = Time spent auto-exploring this place.
 F = Levels seen in this place.
 G = Mean time per level.
                   A        B        C        D        E       F      G
               +--------+--------+--------+--------+--------+-----+--------+
         Total |   3193 |   3096 |     97 |    407 |   1687 |   4 |  798.2 |
       Dungeon |   3193 |   3096 |     97 |    407 |   1687 |   4 |  798.2 |
               +--------+--------+--------+--------+--------+-----+--------+

Top non-repeatable levels by time:
     D:1: 1135 daAuts
     D:2: 1034 daAuts
     D:3: 867 daAuts
     D:4: 155 daAuts
